 Dungeon Crawl Stone Soup version 0.19-a0-1654-g9d3f708 (webtiles) character file.

3124 Amnesiac the Fetichist (level 9, -10/69 HPs)
             Began as a Deep Dwarf Artificer on Sept 20, 2016.
             Was an Initiate of Gozag.
             Mangled by an orc warrior
             ... wielding a +0 scimitar
              (22 damage)
             ... on level 7 of the Dungeon.
             The game lasted 00:16:27 (6329 turns).

Amnesiac the Fetichist (Deep Dwarf Artificer)       Turns: 6329, Time: 00:16:28

Health: -10/69     AC: 11    Str: 16    XL:     9   Next: 61%
Magic:  20/20      EV:  5    Int: 13    God:    Gozag
Gold:   688        SH:  3    Dex: 15    Spells: 0 memorised, 8 levels left

rFire  . . .     SeeInvis .     h - +1 spear (venom)
rCold  . . .     Gourm    .     G - +0 plate armour
rNeg   . . .     Faith    .     (no shield)
rPois  .         Spirit   .     C - +0 helmet
rElec  .         Dismiss  .     (no cloak)
rCorr  +         Reflect  +     (no gloves)
MR     +....     Harm     .     (no boots)
Stlth  ..........               u - +3 amulet of reflection
                                (no ring)
                                q - ring of resist corrosion

@: non-regenerating
A: damage resistance, recharge devices, sense surroundings 2, slow regeneration
3
a: Device Recharging, Potion Petition, Call Merchant, Bribe Branch, Renounce
Religion


You were on level 7 of the Dungeon.
You worshipped Gozag.
Gozag was pleased with you.
You were not hungry.

You visited 2 branches of the dungeon, and saw 8 of its levels.
You also visited: Ossuary.

You collected 997 gold pieces.
You spent 286 gold pieces at shops.
You paid 23 gold pieces to Gozag.

Inventory:

Hand Weapons
 h - a +1 spear of venom (weapon)
 v - a +1 mace of protection
 x - a +0 war axe
Missiles
 l - a throwing net (quivered)
Armour
 C - a +0 helmet (worn)
 G - a +0 plate armour (worn)
Jewellery
 q - a ring of resist corrosion (left hand)
 t - an uncursed ring of fire
 u - a +3 amulet of reflection (around neck)
Wands
 b - a wand of enslavement (8/24)
 c - a wand of flame (5/48)
 d - a wand of enslavement (15/24)
 f - a wand of heal wounds (4/9)
 B - a wand of iceblast (5/15)
Scrolls
 a - a scroll of identify
 m - 4 scrolls of remove curse
 o - a scroll of magic mapping
 p - 2 scrolls of noise
 w - 5 scrolls of amnesia
 y - a scroll of enchant armour
 E - 3 scrolls of teleportation
 J - 4 scrolls of fear
Potions
 i - 2 potions of flight
 n - a potion of might
 s - 2 potions of agility
 z - 3 potions of haste {unknown}
 F - 4 potions of resistance
 L - a potion of lignification
Books
 r - a book of Unlife

   Spells                             Type                      Level
   a - Recall                         Summoning/Translocation      3
   b - Animate Dead                   Necromancy                   4
   c - Control Undead                 Necromancy                   4
   d - Cigotuvi's Embrace             Necromancy                   5
   e - Death Channel                  Necromancy                   6
   f - Simulacrum                     Ice/Necromancy               6
Comestibles
 g - 4 bread rations
 j - 2 beef jerkies
 k - a slice of pizza
 H - 7 fruits
 K - a royal jelly


   Skills:
 - Level 0.8 Fighting
   Level 0.8 Short Blades
 - Level 6.0 Axes
 - Level 2.1 Dodging
 - Level 1.2 Stealth
 + Level 15.4 Evocations


You had 8 spell levels left.
You didn't know any spells.

Dungeon Overview and Level Annotations

Branches:
Dungeon (7/15)             Temple (1/1) D:4

Altars:
Ashenzari
Cheibriados
Dithmenos
Elyvilon
Fedhas
Gozag
Kikubaaqudgha
Makhleb
Nemelex Xobeh
Okawaru
Qazlal
Ru
Sif Muna
Trog
Uskayaw
Vehumet
Xom
Yredelemnul
Zin
The Shining One

Shops:
D:7 !=


Innate Abilities, Weirdness & Mutations

You are resistant to damage.
You can recharge devices by infusing magical energy.
You passively map the area around you.
You do not regenerate.


Message History

The orc warrior hits you but does no damage.
Your plate armour prevents you from hitting the orc warrior.
The orc warrior is lightly wounded.
The orc warrior hits you with a scimitar.
Your plate armour prevents you from hitting the orc warrior.
The orc warrior is lightly wounded.
The orc warrior hits you with a scimitar!
* * * LOW HITPOINT WARNING * * *
You hit the orc warrior but do no damage.
The orc warrior is lightly wounded.
You hit the orc warrior but do no damage.
The orc warrior is lightly wounded.
The orc warrior barely misses you.
You hit the orc warrior but do no damage.
The orc warrior is lightly wounded.
The orc wizard gestures wildly while chanting.
The orc wizard seems to speed up.
The orc warrior hits you with a scimitar!!
You die...
Your body crumbles into a pile of gold.

#.# ,..# .# ###.## * *
#.# #. ** .....#, , #.#
#.. ###.##
*#######.#########.#* *
#.# o..o....##......#.#
*### * * *#$##.####.#.#
,,$* *, ,#o#.....#...#
*,*,* #o#.###.##..# *
*, , , #@#...#.##..# ,*
* *
,#.###.#####.##..######
#....$......##........
* * *
#.############.#######
, , * , * ,, , #...# *
, , #...# * * *, #...#
, , * * * ##.## ,, ,, ,
,* , #####.##


You could see an orc warrior and an orc wizard.

Vanquished Creatures
  The ghost of Bronet the Fighter, a novice VSFi of Makhleb (D:6)
  Menkaure (D:4)
  A sky beast (D:6)
  A black bear (D:6)
  4 phantoms
  2 ogres
  2 centaurs
  4 elf zombies (Ossuary)
  3 bullfrogs
  A scorpion (D:7)
  3 killer bees (D:6)
  A crimson imp (D:7)
  2 centaur zombies (Ossuary)
  A bullfrog zombie (D:5)
  A hound (D:6)
  4 orc priests
  5 human zombies (Ossuary)
  3 orc wizards
  2 bullfrog skeletons
  A centaur skeleton (D:5)
  7 worker ants
  An iguana (D:6)
  A hound zombie (D:5)
  A hound skeleton (D:4)
  3 mummies (Ossuary)
  5 gnolls (D:6)
  7 adders
  An ooze (D:5)
  2 dart slugs
  2 leopard geckos
  12 orcs
  5 bats
  2 giant cockroaches
  A hobgoblin (D:1)
  8 jackals
  3 quokkas
  A ball python (D:2)
  8 frilled lizards
  6 kobolds
  9 rats
128 creatures vanquished.

Vanquished Creatures (others)
  A centaur zombie (Ossuary)
1 creature vanquished.

Grand Total: 129 creatures vanquished

Notes
Turn   | Place    | Note
-------+----------+-------------------------------------------
     0 | D:1      | Amnesiac the Deep Dwarf Artificer began the quest for the Orb.
     0 | D:1      | Reached XP level 1. HP: 16/16 MP: 3/3
   128 | D:2      | Reached XP level 2. HP: 19/24 MP: 5/5
   188 | D:2      | You fall through a shaft for 2 floors!
   244 | D:4      | Noticed a centaur
   250 | D:4      | Killed a centaur
   250 | D:4      | Reached skill level 6 in Evocations
   250 | D:4      | Reached XP level 3. HP: 14/30 MP: 5/7
   250 | D:4      | Reached XP level 4. HP: 17/37 MP: 6/9
   495 | D:4      | Noticed Menkaure
   498 | D:4      | Killed Menkaure
   498 | D:4      | Reached skill level 8 in Evocations
   498 | D:4      | Reached XP level 5. HP: 20/43 MP: 9/11
   971 | D:4      | Reached skill level 9 in Evocations
   971 | D:4      | Reached XP level 6. HP: 18/50 MP: 12/12
  1219 | D:4      | Found a staircase to the Ecumenical Temple.
  1283 | Temple   | Entered the Ecumenical Temple
  1322 | Temple   | Became a worshipper of Gozag Ym Sagoz the Greedy
  3195 | D:3      | Reached skill level 10 in Evocations
  3465 | D:5      | Entered Level 5 of the Dungeon
  3469 | D:5      | Reached XP level 7. HP: 39/56 MP: 14/14
  3625 | D:5      | Reached skill level 11 in Evocations
  3971 | D:5      | Reached skill level 1 in Axes
  4092 | D:6      | Noticed Bronet's ghost (novice VSFi)
  4302 | D:7      | Reached XP level 8. HP: 36/63 MP: 16/16
  4436 | D:7      | Found a sand-covered staircase.
  4441 | Ossuary  | Entered an ossuary
  4542 | Ossuary  | Reached skill level 12 in Evocations
  4803 | Ossuary  | Reached skill level 5 in Axes
  5010 | D:7      | Found Bygreal's Distillery.
  5013 | D:7      | Bought a potion of heal wounds for 65 gold pieces
  5013 | D:7      | Bought 2 potions of heal wounds for 130 gold pieces
  5013 | D:7      | Bought a potion of curing for 39 gold pieces
  5024 | D:7      | Bought a potion of lignification for 39 gold pieces
  5024 | D:7      | Bought a potion of degeneration for 13 gold pieces
  5025 | D:7      | Found Deijuh's Jewellery Shoppe.
  5111 | D:6      | Found a glowing golden altar of the Shining One.
  5113 | D:6      | Found a basalt altar of Yredelemnul.
  5114 | D:6      | Found a burning altar of Makhleb.
  5114 | D:6      | Found a blossoming altar of Fedhas.
  5114 | D:6      | Found a glowing silver altar of Zin.
  5202 | D:6      | Reached skill level 13 in Evocations
  5531 | D:6      | Killed Bronet's ghost
  5531 | D:6      | Reached skill level 14 in Evocations
  5531 | D:6      | Gained mutation: You passively map the area around you. [Deep Dwarf growth]
  5531 | D:6      | Reached XP level 9. HP: 38/69 MP: 17/19
  6041 | D:6      | Reached skill level 15 in Evocations
  6329 | D:7      | Mangled by an orc warrior

Vault maps used:
D:1:      dpeg_arrival_snail, solitary_fountain, minmay_misc_feat_encased
D:4:      first_bread, uniq_menkaure
D:6:      grunt_temple_overflow_open
D:7:      mumra_celtic_spiral_tile, serial_shops, shop, shop_fountains,
          enter_ossuary_2, uniq_duvessa
Temple:   regret_index_temple_waves
Ossuary:  ossuary_minmay_four_chambers

Skill      XL: |  1  2  3  4  5  6  7  8  9 |
---------------+----------------------------+-----
Evocations     | 6 8 9 10 11 14 15 | 15.4
Axes           | 3 6 |  6.0
Fighting       | |  0.8
Short Blades   | |  0.8
Dodging        | |  2.1
Stealth        | |  1.2

Action                   |  1- 3 |  4- 6 |  7- 9 || total
-------------------------+-------+-------+-------++-------
Melee: Spear             |    25 |   129 |   227 ||   381
       Mace              |       |       |   642 ||   642
Evoke: Wand              |     5 |     9 |    25 ||    39
  Use: Scroll            |       |     8 |     9 ||    17
       Potion            |       |     4 |     8 ||    12
 Stab: Sleeping          |     1 |     3 |       ||     4
       Distracted        |       |       |     2 ||     2
  Eat: Meat ration       |       |     2 |     2 ||     4
       Chunk             |       |     2 |       ||     2
Armor: Leather armour    |     3 |       |       ||     3
       Ring mail         |     1 |    30 |    30 ||    61
       Plate armour      |       |       |   511 ||   511
Dodge: Dodged            |    23 |    48 |   183 ||   254
Block: Other             |       |     1 |    82 ||    83
       Reflection        |       |     1 |       ||     1
